 Dungeon Crawl Stone Soup version 0.28-a0-845-gfc338a8e3c (webtiles) character file.

Game seed: 10853547824712966749

2396 bande the Chopper (level 9, -8/55 HPs)
             Began as a Gargoyle Fighter on Nov 13, 2021.
             Killed from afar by an acid dragon (32 damage)
             ... with a splash of acid
             ... on level 8 of the Dungeon.
             The game lasted 00:12:13 (7655 turns).

bande the Chopper (Gargoyle Fighter)                Turns: 7655, Time: 00:12:14

Health: -8/55      AC: 27    Str: 29    XL:     9   Next: 46%
Magic:  9/9        EV:  7    Int: 10    God:
Gold:   259        SH:  4    Dex:  8    Spells: 8/8 levels left

rFire   + . .      SeeInvis .   a - +1 war axe (protect)
rCold   + . .      Faith    .   c - +0 buckler
rNeg    + . .      Spirit   .   o - +0 plate armour
rPois   ∞          Reflect  .   p - +0 helmet of Pathos {Rampage Will++ Str+9 Dex-5}
rElec   +          Harm     .   r - scarf {rC+ rF+}
rCorr   .          Rampage  +   (no gloves)
Will    ++...                   f - +0 pair of boots
Stlth   ..........              (no amulet)
HPRegen 0.18/turn               i - +4 ring of slaying
MPRegen 0.11/turn               m - +4 ring of protection

@: under a protective aura
A: sickness immunity, AC +6, negative energy resistance 1, electricity
resistance, torment resistance 1, petrification resistance, agile 1, deformed
body, screaming 1
a: no special abilities


You were on level 8 of the Dungeon.
You visited 2 branches of the dungeon, and saw 9 of its levels.
You also visited: Ossuary.

You collected 259 gold pieces.

Inventory:

Hand Weapons
 a - a +1 war axe of protection (weapon)
 b - a +0 flail
Missiles
 l - 2 throwing nets (quivered)
Armour
 c - a +0 buckler (worn)
 f - a +0 pair of boots (worn)
 n - a +0 cloak
 o - a +0 plate armour (worn)
 p - the +0 helmet of Pathos (worn) {Rampage Will++ Str+9 Dex-5}
   (You took it off Robin on level 4 of the Dungeon)

   Str:       It affects your strength (+9).
   Dex:       It affects your dexterity (-5).
   Rampage:   It bestows one free step when moving towards enemies.
   Will:      It greatly increases your willpower.
 r - a scarf of resistance (worn)
Jewellery
 i - a +4 ring of slaying (left hand)
 m - a +4 ring of protection (right hand)
Wands
 j - a wand of polymorph (10)
Scrolls
 q - 2 scrolls of teleportation
 t - a scroll of enchant weapon
 x - a scroll of fog
 y - a scroll of blinking
Potions
 d - a potion of might
 e - 8 potions of curing
 g - 4 potions of ambrosia
 h - a potion of haste
 k - 2 potions of brilliance
 s - a potion of cancellation
 u - a potion of heal wounds
 z - 2 potions of resistance
 A - a potion of invisibility {unknown}


   Skills:
 + Level 6.0 Fighting
 + Level 7.9 Axes
 + Level 6.1 Armour
 + Level 5.1 Shields
 * Level 4.5 Evocations


You had 8 spell levels left.
You didn't know any spells.
Your spell library contained the following spells:

 Spells                   Type           Power      Damage    Failure   Level
 Ensorcelled Hibernation  Hex/Ice        0%         N/A       99%         2
 Tukima's Dance           Hex            0%         N/A       100%        3
 Blade Hands              Tmut           0%         N/A       100%        5
 Irradiate                Conj/Tmut      0%         3d13      100%        5
 Dragon Form              Tmut           0%         N/A       100%        7


Dungeon Overview and Level Annotations

Branches:
Dungeon (8/15)             Temple (1/1) D:5         Ossuary (visited)
   Lair: D:8-11

Altars:
Ashenzari
Elyvilon
Fedhas
Gozag
Hepliaklqana
Kikubaaqudgha
Qazlal
Sif Muna
Uskayaw
Wu Jian
Xom
Yredelemnul
Zin
The Shining One

Shops:
D:7 [

Annotations:
D:8 Erica


Innate Abilities, Weirdness & Mutations

You are immune to sickness and miasma.
Your stone body is resilient. (AC +6)
You are immune to poison.
You resist negative energy. (rN+)
You are resistant to electric shocks. (rElec)
You are resistant to unholy torment.
You are immune to petrification.
You are agile. (Dex +2)
Armour fits poorly on your strangely shaped body.
You occasionally shout uncontrollably at your foes.


Message History

There are monsters nearby!
You rampage towards Erica!
The acid dragon roars!
You hear a shout!
You rampage towards Erica!
A centaur comes into view.
Found 22 gold pieces.
The centaur shouts!
Erica hits you but does no damage. The acid dragon bites you.
The acid dragon claws you but does no damage.
You hit Erica.
Your weapon exudes an aura of protection.
Erica is lightly wounded.
You hit the acid dragon.
Erica hits you with a +2 scimitar of flaming!
Erica burns you.
The acid dragon bites you but does no damage.
The acid dragon closely misses you.
You closely miss Erica.
Erica is lightly wounded.
You barely miss the acid dragon.
Erica laughs wildly.
Erica hits you with a +2 scimitar of flaming!
Erica burns you. You block the acid dragon's attack.
The acid dragon claws you but does no damage.
You closely miss Erica.
Erica is lightly wounded.
You hit the centaur. You closely miss the acid dragon.
The centaur hits you but does no damage.
You block the centaur's attack. Erica hits you but does no damage.
The acid dragon bites you but does no damage.
The acid dragon claws you but does no damage.
The centaur barely misses you.
The centaur kicks you but does no damage.
You slice Erica!!
Erica is moderately wounded.
You hit the centaur. You slash the acid dragon! You block Erica's attack.
The acid dragon spits acid at you. The splash of acid hits you!!
Ouch! That really hurt!
You die...

.# #...# .#. ...
..... .$.. #.#
#...# ..#
....#...#...# .
.#.#...#...# ..
..........#
.#.#.#c@D#...#
.....#.@.#...#
.............#
##.#.#...#...# #
#...#...#
#.......#.#
##..#..##.# #
#..#..##.#.#
.#.##..#..##.#.##
#................#


You could see Erica, an acid dragon (catching breath) and a centaur.

Vanquished Creatures
  A wyvern (D:7)
  A steam dragon (D:7)
  A water moccasin (D:6)
  2 black bears (D:7)
  An ice beast (D:7)
  An ogre (D:5)
  2 necrophages
  A centaur (D:4)
  A kobold brigand (D:7)
  A scorpion (D:7)
  A water moccasin skeleton (D:6)
  5 killer bees (D:7)
  2 howler monkeys
  3 centaur zombies (Ossuary)
  A bullfrog skeleton (D:5)
  A jelly (D:7)
  2 orc priests
  A gnoll shaman (D:3)
  2 hounds
  2 human zombies (Ossuary)
  2 iguanas
  5 orc wizards
  2 hound zombies (Ossuary)
  3 mummies (Ossuary)
  Robin (D:4)
  18 gnolls
  A howler monkey skeleton (D:7)
  3 adders
  A white imp (D:7)
  An ufetubus (D:5)
  4 adder zombies (Ossuary)
  A dart slug (D:1)
  12 orcs
  3 bats
  4 endoplasms
  2 gnoll zombies (Ossuary)
  12 goblins
  3 hobgoblins
  8 jackals
  3 quokkas
  6 ball pythons
  2 frilled lizards
  A goblin zombie (Ossuary)
  7 hobgoblin zombies (Ossuary)
  2 jackal zombies (Ossuary)
  11 kobolds
  4 kobold zombies (Ossuary)
  3 orc zombies (Ossuary)
  4 quokka zombies (Ossuary)
  5 rats
  2 rat zombies (Ossuary)
168 creatures vanquished.

Notes
Turn   | Place    | Note
-------+----------+-------------------------------------------
     0 | D:1      | bande the Gargoyle Fighter began the quest for the Orb.
     0 | D:1      | Reached XP level 1. HP: 14/14 MP: 1/1
    44 | D:1      | Found a faded altar of an unknown god.
   416 | D:1      | Reached XP level 2. HP: 19/19 MP: 2/2
   509 | D:2      | Reached XP level 3. HP: 23/23 MP: 3/3
   646 | D:2      | Reached skill level 2 in Axes
   781 | D:2      | Found a shimmering altar of Xom.
   907 | D:2      | Reached XP level 4. HP: 24/29 MP: 4/4
  1626 | D:3      | Reached XP level 5. HP: 33/33 MP: 5/5
  1732 | D:3      | Found a broken altar of Ashenzari.
  1797 | D:3      | Reached skill level 3 in Axes
  1801 | D:3      | Reached skill level 1 in Evocations
  1959 | D:3      | Reached XP level 6. HP: 38/38 MP: 6/6
  2214 | D:3      | Found a stormy altar of Qazlal.
  2780 | D:4      | Identified the +0 helmet of Pathos {Rampage Will++ Str+9
                  | Dex-5}
  2780 | D:4      | Noticed Robin
  2788 | D:4      | Reached skill level 4 in Axes
  2794 | D:4      | Killed Robin
  3136 | D:4      | Gained mutation: You are agile. (Dex +2) [potion of
                  | mutation]
  3136 | D:4      | Gained mutation: You occasionally shout uncontrollably at
                  | your foes. [potion of mutation]
  3136 | D:4      | Gained mutation: Armour fits poorly on your strangely
                  | shaped body. [potion of mutation]
  3267 | D:4      | Noticed a necrophage
  3274 | D:4      | Killed a necrophage
  3280 | D:4      | Reached XP level 7. HP: 44/44 MP: 7/7
  3830 | D:5      | Entered Level 5 of the Dungeon
  4150 | D:5      | Reached skill level 5 in Fighting
  4150 | D:5      | Reached skill level 5 in Axes
  4435 | D:5      | Found a staircase to the Ecumenical Temple.
  4465 | Temple   | Entered the Ecumenical Temple
  4695 | D:5      | Identified a scroll of acquirement
  4695 | D:5      | Acquired a scarf of resistance
  5127 | D:6      | Reached XP level 8. HP: 44/49 MP: 8/8
  5154 | D:6      | Reached skill level 5 in Armour
  6093 | D:7      | Reached skill level 6 in Axes
  6116 | D:7      | Found Guffuplanad's Armour Shop.
  6452 | D:7      | Found a white marble altar of Elyvilon.
  6497 | D:7      | Reached skill level 7 in Axes
  6497 | D:7      | Reached XP level 9. HP: 39/54 MP: 9/9
  6798 | D:7      | Reached skill level 5 in Shields
  7236 | D:8      | Found a sand-covered staircase.
  7247 | Ossuary  | Entered an ossuary
  7649 | D:8      | Noticed Erica
  7655 | D:8      | Killed from afar by an acid dragon

Illustrated notes

Levels and vault maps discovered:
D:1:      nzn_arrival_crosshair, layout_rooms,
          dreamdust_ecumenical_altar_statues
D:2:      layout_basic, basic_altar, hangedman_glass_teeth
D:3:      layout_loops_ring, lemuel_tele_altar, lemuel_doored_altar,
          kennysheep_generic_room_11
D:4:      layout_basic, uniq_robin
D:5:      layout_rooms, minmay_temple_entry_mini_moons
D:6:      layout_basic
D:7:      layout_cave_pods, nicolae_overflow_hidden_temple, serial_shops,
          nicolae_take_the_stairs
D:8:      layout_basic, lair_entry_dummy, chequers_ossuary_entry_cave,
          uniq_erica
Temple:   minmay_temple_curvy_loop

Skill      XL: |  1  2  3  4  5  6  7  8  9 |
---------------+----------------------------+-----
Axes           | 2 3 4 5 7 |  7.9
Shields        | 4 5 |  5.1
Armour         | 4 5 6 |  6.1
Fighting       | 4 5 6 |  6.0
Evocations     | 1 2 4 |  4.5

Action                   |  1- 3 |  4- 6 |  7- 9 || total
-------------------------+-------+-------+-------++-------
Melee: War axe           |    55 |   118 |   257 ||   430
  Use: Scroll            |     7 |     5 |    10 ||    22
       Potion            |       |     1 |       ||     1
Armor: Scale mail        |    36 |    11 |       ||    47
       Chain mail        |       |    61 |       ||    61
       Plate armour      |       |    46 |   193 ||   239
Dodge: Dodged            |    31 |    49 |    84 ||   164
Block: Buckler           |     9 |    31 |    49 ||    89

Table legend: (Time is in decaauts)
 A = Elapsed time spent in this place.
 B = Non-inter-level travel time spent in this place.
 C = Inter-level travel time spent in this place.
 D = Time resting spent in this place.
 E = Time spent auto-exploring this place.
 F = Levels seen in this place.
 G = Mean time per level.
                   A        B        C        D        E       F      G
               +--------+--------+--------+--------+--------+-----+--------+
         Total |   7760 |   7624 |    136 |    625 |   5597 |  10 |  776.0 |
       Dungeon |   7235 |   7099 |    136 |    625 |   5249 |   8 |  904.4 |
        Temple |    225 |    225 |      0 |      0 |    190 |   1 |  225.0 |
       Ossuary |    299 |    299 |      0 |      0 |    158 |   1 |  299.0 |
               +--------+--------+--------+--------+--------+-----+--------+

Top non-repeatable levels by time:
     D:4: 1373 daAuts
     D:7: 1154 daAuts
     D:6: 1134 daAuts
     D:3: 1085 daAuts
     D:2: 944 daAuts
     D:5: 876 daAuts
     D:1: 489 daAuts
 Ossuary: 299 daAuts
  Temple: 225 daAuts
     D:8: 177 daAuts
